 Dungeon Crawl Stone Soup version 0.29.1-1-gd02db6906a (webtiles) character file.

Game seed: 11285573480784052060

8689 ImASeal the Cleaver (level 11, -1/107 HPs)
             Began as a Troll Fighter on Oct 5, 2022.
             Was an Elder of Wu Jian.
             Slain by an orc warrior
             ... wielding a +0 halberd
              (10 damage)
             ... on level 1 of the Orcish Mines.
             The game lasted 00:35:02 (10214 turns).

ImASeal the Cleaver (Troll Fighter)                Turns: 10214, Time: 00:35:05

Health: -1/107     AC:  8    Str: 30    XL:     11   Next: 13%
Magic:  10/10      EV: 10    Int:  4    God:    Wu Jian [****..]
Gold:   537        SH:  9    Dex: 13    Spells: 10/10 levels left

rFire   . . .      SeeInvis .   k - +10 hand axe of the Endless March {venom, rElec Dex+4}
rCold   . . .      Faith    .   c - +0 kite shield
rNeg    . . .      Spirit   .   M - +0 acid dragon scales
rPois   .          Reflect  .   N - +0 hat
rElec   +          Harm     .   (no cloak)
rCorr   +          Rampage  .   (gloves unavailable)
Will    .....                   (boots unavailable)
Stlth   ++........              (no amulet)
HPRegen 1.07/turn               (no ring)
MPRegen 0.12/turn               (no ring)

@: studying Hexes
A: large, unfitting armour, claws 3, regeneration 1, shaggy fur 1, tough skin 1
a: Renounce Religion, Wall Jump, Serpent's Lash


You were on level 1 of the Orcish Mines.
You worshipped Wu Jian.
Wu Jian was greatly pleased with you.
You visited 3 branches of the dungeon, and saw 11 of its levels.
You also visited: Sewer.

You collected 669 gold pieces.
You spent 132 gold pieces at shops.

Inventory:

Hand Weapons
 k - the +10 hand axe of the Endless March (weapon) {venom, rElec Dex+4}
   (You took it off an orc on level 4 of the Dungeon)

   It poisons the flesh of those it strikes.
   Dex:       It affects your dexterity (+4).
   rElec:     It insulates you from electricity.
 t - the +5 hand axe of Dissent {flame, Dex+4}
   (You found it on level 3 of the Dungeon)

   It burns those it strikes, dealing additional fire damage.
   Big, fiery blades are also staple armaments of hydra-hunters.
   Dex:       It affects your dexterity (+4).
Missiles
 d - 3 large rocks
 f - 9 javelins
 g - 37 stones (quivered)
 w - 33 poisoned darts
 x - 3 curare-tipped darts
 B - 21 boomerangs
 F - 4 atropa-tipped darts
 G - a throwing net
 P - 4 datura-tipped darts
Armour
 b - a +0 robe
 c - a +0 kite shield (worn)
 M - +0 acid dragon scales (worn)
 N - a +0 hat (worn)
 S - +0 steam dragon scales
Jewellery
 H - a ring of see invisible
Wands
 D - a wand of acid (2)
 I - a wand of iceblast (12)
 K - a wand of paralysis (5)
Scrolls
 a - a scroll of noise {unknown}
 e - a scroll of magic mapping {unknown}
 h - 3 scrolls of enchant weapon {unknown}
 i - a scroll of amnesia {unknown}
 l - a scroll of enchant armour
 m - a scroll of summoning
 p - 2 scrolls of butterflies
 u - a scroll of silence {unknown}
 y - 2 scrolls of poison {unknown}
 A - 5 scrolls of teleportation {unknown}
 E - 5 scrolls of vulnerability {unknown}
 L - a scroll of identify
 O - a scroll of immolation
Potions
 j - a potion of ambrosia {unknown}
 n - a potion of curing
 o - 4 potions of flight {unknown}
 q - a potion of lignification
 r - 2 potions of brilliance {unknown}
 s - a potion of invisibility {unknown}
 v - a potion of experience {unknown}
 z - 2 potions of cancellation {unknown}
 C - a potion of haste {unknown}
 J - a potion of magic {unknown}
 R - a potion of degeneration {unknown}


   Skills:
 + Level 6.4 Fighting
 + Level 9.8 Axes
 + Level 2.7 Throwing
 + Level 2.3 Armour
 + Level 5.9 Dodging
 - Level 2.0 Stealth
 + Level 6.8 Shields


You had 10 spell levels left.
You didn't know any spells.
Your spell library contained the following spells:

 Spells                   Type           Power      Damage    Failure   Level
 Call Canine Familiar     Summ           0%         N/A       99%         3
 Ignite Poison            Fire/Tmut/Pois 0%         N/A       99%         3
 Mephitic Cloud           Conj/Pois/Air  0%         N/A       99%         3
 Portal Projectile        Hex/Tloc       0%         N/A       99%         3
 Leda's Liquefaction      Hex/Erth       0%         N/A       100%        4
 Olgreb's Toxic Radiance  Pois           0%         N/A       100%        4
 Summon Ice Beast         Ice/Summ       0%         N/A       100%        4
 Freezing Cloud           Conj/Ice/Air   0%         6-21      100%        5
 Summon Mana Viper        Hex/Summ       0%         N/A       100%        5
 Monstrous Menagerie      Summ           0%         N/A       100%        7
 Ozocubu's Refrigeration  Ice            0%         4d7       100%        7
 Ignition                 Fire           0%         3d3       100%        8


Dungeon Overview and Level Annotations

Branches:
Dungeon (9/15)             Temple (1/1) D:7             Orc (1/2) D:9
  Sewer (visited)
   Lair: D:8-11

Altars:
Ashenzari
Cheibriados
Dithmenos
Elyvilon
Fedhas
Gozag
Hepliaklqana
Kikubaaqudgha
Makhleb
Nemelex Xobeh
Okawaru
Qazlal
Ru
Sif Muna
Trog
Uskayaw
Vehumet
Wu Jian
Xom
Yredelemnul
Zin
The Shining One

Shops:
D:1 *   D:7 *


Innate Abilities, Weirdness & Mutations

You are too large for most types of armour.
You have claws for hands.
Your natural rate of healing is unusually fast.
You are covered in fur. (AC +1)
You have tough skin. (AC +1)


Message History

You slice the orc priest!!
You kill the orc priest!
The Council accepts your kill.
The orc warrior hits you from afar with a +0 halberd!
* * * LOW HITPOINT WARNING * * *
Blink to where?
Press: ? - help, Dir - move target
As you read the scroll of blinking, it crumbles to dust.
The orc warrior throws a boomerang.
You block the boomerang.
Found 25 gold pieces.
The orc warrior throws a boomerang.
You block the boomerang.
The orc warrior throws a boomerang.
The boomerang hits you!
* * * LOW HITPOINT WARNING * * *
Found 25 gold pieces.
The orc warrior throws a boomerang.
You block the boomerang.
Found a stone staircase leading down.
Found 14 gold pieces.
You are too injured to fight recklessly!
You are too injured to fight recklessly!
You slash the orc!
You kill the orc!
The Council accepts your kill.
The orc warrior throws a boomerang.
You block the boomerang.
You lunge at the orc warrior, in a flurry of attacks.
You slash the orc warrior!
The orc warrior is poisoned.
The orc warrior is moderately wounded.
You slash the orc warrior!
The orc warrior looks as sick as possible!
The orc warrior is heavily wounded.
The orc warrior hits you from afar with a +0 halberd!
* * * LOW HITPOINT WARNING * * *
Things that are here:
a +0 mace; an orc corpse You hit the orc warrior.
The orc warrior looks as sick as possible!
The orc warrior is severely wounded.
The orc warrior hits you from afar with a +0 halberd.
* * * LOW HITPOINT WARNING * * *
The orc warrior hits you with a +0 halberd!
You die...

##..### ### ..... ...#
###...# ....#
##.....#####
.....##........#.##
..................##
.........o.o.......##
......$..@.o........#
.......o#####..$....##
#...>.....####.......#
#..$.....###........##
#...................#
..................###
$..##.........o.#.#
... ##......oo..### #
.. ###.$.....###


You could see 2 orc warriors, an orc wizard and an orc.

Vanquished Creatures
  A two-headed ogre (D:9)
  A skeletal warrior (D:8)
  A cyclops (D:8)
  The ghost of pipb0y the Chopper, a novice MiBe of Trog (D:5)
  2 trolls (Orc:1)
  A vampire (D:8)
  A wyvern (D:9)
  Sigmund (D:2)
  2 wraiths (D:9)
  3 yaks (D:9)
  The ghost of kwasso the Covered, an amateur DsWn of Makhleb (D:4)
  A steam dragon (D:9)
  A warg (Orc:1)
  An acid dragon (D:9)
  A water moccasin (D:7)
  2 sky beasts (D:7)
  2 black bears
  10 orc warriors
  An ice beast (D:5)
  5 ogres
  6 centaurs
  8 kobold brigands
  5 necrophages (D:6)
  A wyvern zombie (D:6)
  2 scorpions
  4 wights
  3 howler monkeys (D:9)
  A centaur zombie (D:6)
  A hound (D:7)
  A bullfrog zombie (D:6)
  A jelly (D:8)
  11 orc priests
  A gnoll bouda (D:6)
  An iguana (D:6)
  9 orc wizards
  6 gnolls
  4 adders
  A river rat (Sewer)
  A shadow imp (D:6)
  A white imp (D:6)
  An ufetubus (D:5)
  5 worms
  5 dart slugs
  72 orcs
  11 ball pythons
  12 endoplasms
  6 giant cockroaches (D:4)
  4 hobgoblins
  18 kobolds
  4 quokkas
  4 bats
  4 frilled lizards
  15 goblins
  10 rats
  2 bushes (D:6)
280 creatures vanquished.

Vanquished Creatures (others)
  17 plants
17 creatures vanquished.

Grand Total: 297 creatures vanquished

Notes
Turn   | Place    | Note
-------+----------+-------------------------------------------
     0 | D:1      | ImASeal the Troll Fighter began the quest for the Orb.
     0 | D:1      | Reached XP level 1. HP: 22/22 MP: 0/0
    45 | D:1      | Found a faded altar of an unknown god.
   106 | D:1      | Reached XP level 2. HP: 29/29 MP: 1/1
   620 | D:1      | Found Mepried's General Store.
   628 | D:1      | Bought a potion of curing for 36 gold pieces
   747 | D:2      | Noticed Sigmund
   792 | D:2      | Killed Sigmund
   793 | D:2      | Reached skill level 3 in Axes
   793 | D:2      | Reached XP level 3. HP: 11/37 MP: 2/2
   793 | D:2      | Reached XP level 4. HP: 14/45 MP: 3/3
   793 | D:2      | Reached XP level 5. HP: 16/53 MP: 4/4
  1682 | D:3      | Found a white marble altar of Elyvilon.
  1697 | D:3      | Identified the +5 hand axe of Dissent {flame, Dex+4}
  1891 | D:3      | Found a sparkling altar of Nemelex Xobeh.
  2250 | D:4      | Found a runed translucent gate.
  2250 | D:4      | Found a runed translucent gate.
  2251 | D:4      | Found a runed translucent gate.
  2253 | D:4      | Noticed kwasso's ghost (amateur DsWn)
  2255 | D:4      | Identified the +10 hand axe of the Endless March {venom,
                  | rElec Dex+4}
  2255 | D:4      | Identified the +8 chain mail of Paugyvel {rElec rC+}
  2567 | D:4      | Reached XP level 6. HP: 56/61 MP: 5/5
  2574 | D:4      | Found a glowing drain.
  2592 | Sewer    | Entered a sewer
  2854 | Sewer    | Reached skill level 4 in Axes
  2932 | Sewer    | Reached XP level 7. HP: 53/67 MP: 6/6
  3124 | Sewer    | Reached skill level 1 in Stealth
  3163 | Sewer    | Reached skill level 5 in Axes
  3752 | D:4      | Found a sacrificial altar of Ru.
  3981 | D:4      | Found an ornate altar of the Wu Jian Council.
  3987 | D:4      | Became a worshipper of the Wu Jian Council
  4281 | D:5      | Entered Level 5 of the Dungeon
  4404 | D:5      | Found a runed translucent door.
  4425 | D:5      | Found an iron altar of Okawaru.
  4498 | D:5      | Reached skill level 1 in Throwing
  4498 | D:5      | Reached XP level 8. HP: 68/78 MP: 7/7
  4844 | D:5      | Found a hazy altar of Hepliaklqana.
  4961 | D:5      | Noticed pipb0y's ghost (novice MiBe)
  5178 | D:6      | Found a basalt altar of Yredelemnul.
  5228 | D:6      | Reached skill level 6 in Axes
  5295 | D:6      | Found a bloodstained altar of Trog.
  5334 | D:6      | Reached * piety under Wu Jian
  5435 | D:6      | Found a blossoming altar of Fedhas.
  5546 | D:6      | Reached XP level 9. HP: 58/85 MP: 8/8
  5890 | D:7      | Reached skill level 7 in Axes
  6152 | D:7      | Found Busour's General Store.
  6157 | D:7      | Bought a potion of lignification for 36 gold pieces
  6157 | D:7      | Bought a potion of heal wounds for 60 gold pieces
  6225 | D:7      | Found a staircase to the Ecumenical Temple.
  6237 | Temple   | Entered the Ecumenical Temple
  7012 | D:8      | Reached skill level 5 in Shields
  7014 | D:8      | Reached ** piety under Wu Jian
  7466 | D:8      | Noticed a skeletal warrior
  7825 | D:4      | Killed kwasso's ghost
  8114 | D:5      | Killed pipb0y's ghost
  8115 | D:5      | Reached skill level 5 in Fighting
  8115 | D:5      | Reached skill level 8 in Axes
  8115 | D:5      | Reached skill level 5 in Dodging
  8355 | D:8      | Killed a skeletal warrior
  8356 | D:8      | Reached XP level 10. HP: 17/96 MP: 9/9
  8435 | D:8      | Noticed a cyclops
  8490 | D:8      | HP: 2/96 [cyclops (32)]
  8493 | D:8      | Killed a cyclops
  8911 | D:9      | Noticed a two-headed ogre
  8916 | D:9      | Killed a two-headed ogre
  8917 | D:9      | Reached skill level 9 in Axes
  9190 | D:9      | Found a staircase to the Orcish Mines.
  9228 | D:9      | Reached *** piety under Wu Jian
  9234 | D:9      | Reached skill level 1 in Armour
  9923 | Orc:1    | Entered Level 1 of the Orcish Mines
  9945 | Orc:1    | Reached XP level 11. HP: 31/105 MP: 10/10
 10182 | Orc:1    | Reached **** piety under Wu Jian
 10214 | Orc:1    | Slain by an orc warrior

Illustrated notes

Levels and vault maps discovered:
D:1:      nzn_arrival_crosshair, layout_basic, chequers_ecumenical_altar_island,
          serial_shops, nicolae_shop_crystal
D:2:      layout_basic, uniq_sigmund
D:3:      layout_rooms, nicolae_elyvilon_temple_path,
          lemuel_coloured_pillars_altar
D:4:      cheibrodos_greedy_goblins, layout_layer_cave,
          mainiacjoe_overflow_alcove_2, nicolae_ru_the_path_less_chosen,
          gup_sewer_entry_pipe, biasface_ghost_orc_armoury
D:5:      layout_loops_cross, nzn_hepliaklqana_mist_gate,
          mainiacjoe_overflow_surrounded_room, ebering_ghost_inner_flame
D:6:      layout_cave_pools, fedhas_altar_decomposition,
          mainiacjoe_overflow_catch_the_wave
D:7:      layout_rooms, minmay_temple_entry_nine_rooms, serial_shops,
          nicolae_shop_crystal
D:8:      layout_basic, minmay_manual_mandibuliform
D:9:      layout_layer_cave, david_orc_5
Temple:   oiseaux_autumnal_temple
Orc:1:    layout_diamond_mine

Skill      XL: |  1  2  3  4  5  6  7  8  9 10 11 |
---------------+----------------------------------+-----
Fighting       | 3 4 5 6 |  6.4
Axes           | 3 4 5 6 8 9 |  9.8
Dodging        | 3 4 5 |  5.9
Shields        | 3 4 5 6 |  6.8
Stealth        | 1 2 |  2.0
Throwing       | 1 2 |  2.7
Armour         | 1 2 |  2.3

Action                   |  1- 3 |  4- 6 |  7- 9 | 10-12 || total
-------------------------+-------+-------+-------+-------++-------
Melee: War axe           |    67 |    74 |       |       ||   141
       Hand axe          |       |    77 |   353 |   194 ||   624
Throw: Javelin           |       |     7 |       |       ||     7
       Stone             |       |       |    42 |    13 ||    55
Invok: Lunge             |       |       |    25 |     9 ||    34
       Whirlwind         |       |       |     1 |     5 ||     6
 Abil: Wall Jump         |       |       |       |     1 ||     1
  Use: Potion            |     2 |       |     4 |     1 ||     7
       Scroll            |       |       |     6 |     2 ||     8
 Stab: Sleeping          |       |     1 |     6 |       ||     7
Armor: Robe              |    11 |    50 |    45 |     2 ||   108
       Acid dragon scale |       |       |       |    33 ||    33
Dodge: Dodged            |    26 |    51 |   103 |    81 ||   261
Block: Kite shield       |    16 |    52 |   121 |   100 ||   289
